 Dungeon Crawl Stone Soup version 0.31.0-11-ge490571c62 (webtiles) character file.

Game seed: 11581935441434291434

228 mopl the Insei (level 6, -7/39 HPs)
             Began as an Octopode Shapeshifter on Feb 5, 2024.
             Killed from afar by an orc wizard (9 damage)
             ... with a magic dart
             ... on level 4 of the Dungeon.
             The game lasted 00:02:05 (1399 turns).

mopl the Insei (Octopode Shapeshifter)              Turns: 1399, Time: 00:02:05

Health: -7/39      AC:  1    Str: 13    XL:     6   Next: 2%
Magic:  6/6        EV: 13    Int: 13    God:
Gold:   124        SH:  0    Dex: 13    Spells: 5/5 levels left

rFire   . .          .
                       - Unarmed
rCold   . . .        (no shield)
rNeg    . . .        (helmet currently unavailable)
rPois   .            (no amulet)
rElec   .            (no ring)
rCorr   .            (no ring)
SInv    .            (no ring)
Will    .....        (no ring)
Stlth   ++           (no ring)
HPRegen 0.26/turn    (no ring)
MPRegen 0.10/turn    (no ring)
                     (no ring)

%: no passive effects
@: beast-form
A: beast (slay +2), almost no armour, amphibious, 8 rings, camouflage 1,
gelatinous body 1, (nimble swimmer 1), tentacles
a: Begin Untransformation


You were on level 4 of the Dungeon.
You were a hulking beast.
You visited 1 branch of the dungeon, and saw 3 of its levels.

You collected 124 gold pieces.

Inventory:

Hand Weapons
 i - a +2 dagger of venom
 m - a +1 scythe of flaming
Missiles
 d - 3 poisoned darts (quivered)
 o - 6 silver javelins
Talismans
 b - a beast talisman
 c - a flux talisman
Scrolls
 f - a scroll of fog {unknown}
 g - 2 scrolls of identify {unknown}
 h - a scroll of noise {unknown}
 l - a scroll of enchant weapon {unknown}
Potions
 a - 2 potions of lignification
 e - a potion of resistance {unknown}
 j - 2 potions of haste {unknown}
 k - a potion of attraction {unknown}
 n - a potion of brilliance {unknown}


   Skills:
 + Level 2.3 Fighting
 + Level 3.0 Dodging
 * Level 4.4 Unarmed Combat
 * Level 4.2 Shapeshifting


You had 5 spell levels left.
You didn't know any spells.
Your spell library contained the following spells:

 Spells                   Type           Power      Damage    Failure   Level
 Call Imp                 Summ           0%         N/A       43%         2
 Sublimation of Blood     Necr           0%         N/A       43%         2
 Summon Hydra             Summ           0%         N/A       100%        7


Dungeon Overview and Level Annotations

Branches:
Dungeon (2/15)

Altars:

Shops:
D:1 =


Innate Abilities, Weirdness & Mutations

You are a hulking beast.
Your limbs bulge with bestial killing power. (Slay +2)
You cannot wear most types of armour.
You are amphibious.
You can wear up to eight rings at the same time.
Your skin changes colour to match your surroundings (Stealth+).
Your rubbery body absorbs attacks. (AC +1, EV +1)
((You are camouflaged when in or above water. (Stealth+)))
You have tentacles for arms and can constrict up to eight enemies at once.


Message History

The orc is heavily wounded.
You constrict the orc. The orc closely misses you.
You tentacle-slap the orc.
You kill the orc!
Your Dodging skill increases to level 3!
You hear some strange, mumbled words.
You are confused.
Things that are here:
a +0 club; a +0 leather armour You are too confused!
You are too confused!
You miss something. Something hits you.
You tentacle-slap something but do no damage.
You tentacle-slap something but do no damage.
You squeeze something. Something hits you.
You bump into the rock wall.
You hear some strange, mumbled words.
A magic dart appears from out of thin air!
The magic dart hits you.
You bump into the rock wall.
Something barely misses you.
You miss something. Something hits you.
You miss something.
You hear some strange, mumbled words.
A puff of flame appears from out of thin air!
The puff of flame hits you.
You feel less confused.
You tentacle-slap something. Something hits you.
You closely miss something. Something hits you.
* * * LOW HITPOINT WARNING * * *
You tentacle-slap something. You squeeze something. Something hits you.
* * * LOW HITPOINT WARNING * * *
You tentacle-slap something. Something hits you.
* * * LOW HITPOINT WARNING * * *
You tentacle-slap something. Something hits you.
* * * LOW HITPOINT WARNING * * *
You barely miss something.
You hear some strange, mumbled words.
A magic dart appears from out of thin air!
The magic dart hits you!
You die...

#.....# #.....#
#.....# ......#
#...### ### #...'.#
#.. #...#.## #.#
#...#..### #.#
#...##...# #h# .w...
#...####.# #{# .o...
#...# #.#
###o#######..... #####
#.# #........{.....o
###.# #.†.............
#...###...............
#....##...............
#.....#............#
#...#.....†........#


You could see an orc.

Vanquished Creatures
  Sigmund (D:2)
  2 adders
  A ribbon worm (D:2)
  An orc (D:4)
  4 endoplasms (D:1)
  3 giant cockroaches
  6 goblins
  6 hobgoblins
  2 quokkas
  4 ball pythons (D:1)
  3 bats
  4 frilled lizards
  5 kobolds
  4 rats (D:1)
46 creatures vanquished.

Notes
Turn   | Place    | Note
-------+----------+-------------------------------------------
     0 | D:1      | mopl the Octopode Shapeshifter began the quest for the Orb.
     0 | D:1      | Reached XP level 1. HP: 13/13 MP: 1/1
   152 | D:1      | Reached XP level 2. HP: 18/18 MP: 2/2
   463 | D:1      | Reached XP level 3. HP: 5/23 MP: 3/3
   562 | D:1      | Found Jaenyoni's Jewellery Emporium.
  1110 | D:2      | Noticed Sigmund
  1120 | D:2      | Killed Sigmund
  1121 | D:2      | Reached XP level 4. HP: 21/29 MP: 4/4
  1121 | D:2      | Reached XP level 5. HP: 24/34 MP: 5/5
  1307 | D:2      | You fall into a shaft and drop 2 floors!
  1339 | D:4      | Reached XP level 6. HP: 34/39 MP: 6/6
  1399 | D:4      | Killed from afar by an orc wizard

Illustrated notes

Levels and vault maps discovered:
D:1:      shiori_shiawase, layout_loops_ring, serial_shops, shop
D:2:      layout_basic, minmay_misc_feat_secret_circle,
          wander_ebering_terrifying_dragon_lair, uniq_crazy_yiuf_cottage,
          uniq_robin, uniq_sigmund
D:4:      layout_basic, kennysheep_mini_moat, biasface_ghost_orc_armoury

Skill      XL: |  1  2  3  4  5  6 |
---------------+-------------------+-----
Fighting       | 2 |  2.3
Unarmed Combat | 4 |  4.4
Shapeshifting  | 4 |  4.2
Dodging        | 3 |  3.0

Action                     |  1- 3 |  4- 6 || total
---------------------------+-------+-------++-------
  Melee: Unarmed           |    69 |    26 ||    95
         Tentacles         |    17 |     4 ||    21
         Constrict         |    14 |     4 ||    18
         Punch             |     1 |     2 ||     3
   Stab: Sleeping          |     6 |     2 ||     8
         Distracted        |       |     1 ||     1
 Armour: Skin              |    24 |    18 ||    42
  Dodge: Dodged            |    30 |     9 ||    39
